 Dungeon Crawl Stone Soup version 0.27-a0-1180-g7fc4abc71e (webtiles) character file.

Game seed: 2533767324258315193

188 Froggeryz the Ruffian (level 5, -2/35 (41) HPs)
             Began as a Demonspawn Chaos Knight on May 17, 2021.
             Was a Plaything of Xom.
             Slain by Edmund
             ... wielding a +1 dire flail of draining
              (8 damage)
             ... on level 4 of the Dungeon.
             The game lasted 00:02:30 (3303 turns).

Froggeryz the Ruffian (Demonspawn Chaos Knight)     Turns: 3303, Time: 00:02:31

HP:   -2/35 (41)    AC:  7    Str: 14    XL:     5   Next: 39%
MP:   5/5           EV: 11    Int: 13    God:    Xom [.*....]
Gold: 123           SH:  0    Dex: 12    Spells: 4/4 levels left

rFire    . . .     SeeInvis .     - Unarmed
rCold    . . .     Faith    .   (no shield)
rNeg     . . .     Spirit   .   a - +3 leather armour
rPois    .         Reflect  .   h - +0 helmet
rElec    .         Harm     .   (no cloak)
rCorr    .         Rampage  .   (no gloves)
Will     .....                  (no boots)
Stlth    +.........             (no amulet)
HPRegen  0.11/turn              (no ring)
MPRegen  0.09/turn              (no ring)

@: heavily drained
A: hooves 2
a: Renounce Religion


You were on level 4 of the Dungeon.
You worshipped Xom.
You were a plaything of Xom.
You visited 1 branch of the dungeon, and saw 4 of its levels.

You collected 123 gold pieces.

Inventory:

Armour
 a - a +3 leather armour (worn)
 h - a +0 helmet (worn)
Jewellery
 b - a ring of wizardry
 g - a +6 ring of intelligence
Scrolls
 d - 3 scrolls of teleportation
Potions
 c - a potion of attraction


   Skills:
 - Level 3.0 Fighting
 - Level 1.7 Armour
 - Level 0.8 Dodging
 * Level 5.6 Unarmed Combat


You had 4 spell levels left.
You didn't know any spells.
Your spell library contained the following spells:

 Spells                   Type           Power      Damage    Failure   Level
 Beastly Appendage        Tmut           0%         N/A       36%         1
 Wereblood                Tmut           0%         N/A       50%         2
 Spider Form              Tmut/Pois      0%         N/A       75%         3
 Ice Form                 Ice/Tmut       0%         N/A       98%         4
 Hydra Form               Tmut           0%         N/A       100%        5


Dungeon Overview and Level Annotations

Branches:
Dungeon (4/15)
 Temple: D:4-7

Altars:

Annotations:
D:4 Edmund


Innate Abilities, Weirdness & Mutations

You have hoof-like feet.


Message History

You feel drained.
Xom is interested.
You barely miss Edmund.
You kick Edmund, but do no damage. "Heh heh heh..."
You are confused.
Edmund looks rather confused.
Edmund hits you with a +1 dire flail of draining!
You feel drained.
You are too injured to fight recklessly!
You are too injured to fight recklessly!
Okay, then.
You're too confused to move!
Edmund closely misses you.
You closely miss Edmund. You closely miss Edmund.
Edmund hits you but does no damage.
You feel drained.
You hit Edmund but do no damage.
You feel less confused.
You hit Edmund but do no damage. You hit Edmund.
Edmund is lightly wounded.
Edmund hits you with a +1 dire flail of draining!
* * * LOW HITPOINT WARNING * * *
You feel drained.
Xom is interested.
* * * LOW HITPOINT WARNING * * *
You completely miss Edmund. You kick Edmund.
Edmund is lightly wounded.
Edmund wonders, "What am I doing in here?"
Edmund barely misses you.
You hit Edmund. You kick Edmund.
Edmund is moderately wounded.
You hit Edmund.
Edmund is moderately wounded.
You hit Edmund. You kick Edmund.
Edmund is heavily wounded.
You barely miss Edmund.
Edmund is heavily wounded.
Edmund hits you with a +1 dire flail of draining!
You die...
Xom titters!

#.....####.### #.
##............#####.
#
#.....#..####....#<.
#. #....##.##
####....
...####....##..#
##.##
.....#....##...# #.#
#.....##....## #.#
#...@.......# #.#
##...@##....# #.#
.........####....#
#.# ........##
#....# ##.#
######..# ##....##
#..# ##.#
......##..## #.#
.......#.... #.#
........... ##...
............
##....###
#............


You could see Edmund (confused).

Vanquished Creatures
  Blork the orc (D:4)
  Jessica (D:2)
  An adder (D:3)
  A worm (D:2)
  9 orcs (D:3)
  5 ball pythons
  4 bats
  3 endoplasms
  6 giant cockroaches
  6 goblins
  5 hobgoblins
  10 jackals
  5 quokkas
  2 frilled lizards (D:2)
  3 kobolds
  5 rats
67 creatures vanquished.

Notes
Turn   | Place    | Note
-------+----------+-------------------------------------------
     0 | D:1      | Froggeryz the Demonspawn Chaos Knight began the quest for
                  | the Orb.
     0 | D:1      | Reached XP level 1. HP: 18/18 MP: 1/1
    57 | D:1      | Reached skill level 3 in Unarmed Combat
   139 | D:1      | Gained mutation: You have large cloven feet. [demonic
                  | ancestry]
   139 | D:1      | Reached XP level 2. HP: 4/24 MP: 2/2
  1005 | D:2      | Reached XP level 3. HP: 19/29 MP: 3/3
  1159 | D:2      | Reached skill level 4 in Unarmed Combat
  1520 | D:2      | Noticed Jessica
  1523 | D:2      | XOM: smoke on damage
  1532 | D:2      | Killed Jessica
  1533 | D:2      | Reached XP level 4. HP: 16/35 MP: 4/4
  1645 | D:2      | XOM: god gift: +3 morningstar of chaos
  1890 | D:2      | XOM: polymorph goblin -> ball python
  1942 | D:2      | XOM: scenery: summon butterflies
  1947 | D:2      | XOM: polymorph butterfly -> bat
  2088 | D:3      | Found a faded altar of an unknown god.
  2443 | D:3      | XOM is BORED!
  2443 | D:3      | XOM: 3-stop teleportation journey
  2787 | D:3      | Reached skill level 5 in Unarmed Combat
  3152 | D:4      | Noticed Blork the orc
  3165 | D:4      | Killed Blork the orc
  3166 | D:4      | Gained mutation: You have hoof-like feet. [demonic
                  | ancestry]
  3166 | D:4      | Reached XP level 5. HP: 32/41 MP: 5/5
  3284 | D:4      | Noticed Edmund
  3288 | D:4      | XOM: confusion (+ monsters)
  3303 | D:4      | Slain by Edmund

Illustrated notes

Levels and vault maps discovered:
D:1:      amcnicky_arrival_feature_with_door, layout_basic
D:2:      layout_basic, uniq_jessica
D:3:      layout_basic, shapermc_ecumenical_altar_totnotflames,
          grunt_ministairs_3
D:4:      layout_layer_cave, minmay_temple_entry_drinking_statues,
          ebering_ghost_reflecting_pool, kennysheep_generic_room_2,
          uniq_menkaure, uniq_natasha, uniq_blork_the_orc, uniq_edmund

Skill      XL: |  1  2  3  4 |
---------------+-------------+-----
Unarmed Combat | 3 4 5 |  5.6
Fighting       | |  3.0
Armour         | |  1.7
Dodging        | |  0.8

Action                   |  1- 3 |  4- 6 || total
-------------------------+-------+-------++-------
Melee: Unarmed           |   143 |   100 ||   243
       Punch             |     1 |     2 ||     3
       Kick              |    23 |    22 ||    45
  Use: Scroll            |     3 |     3 ||     6
       Potion            |       |     2 ||     2
 Stab: Sleeping          |     1 |     1 ||     2
Armor: Leather armour    |    47 |    23 ||    70
Dodge: Dodged            |    74 |    43 ||   117

Table legend: (Time is in decaauts)
 A = Elapsed time spent in this place.
 B = Non-inter-level travel time spent in this place.
 C = Inter-level travel time spent in this place.
 D = Time resting spent in this place.
 E = Time spent auto-exploring this place.
 F = Levels seen in this place.
 G = Mean time per level.
                   A        B        C        D        E       F      G
               +--------+--------+--------+--------+--------+-----+--------+
         Total |   3284 |   3078 |    206 |    359 |   2276 |   4 |  821.0 |
       Dungeon |   3284 |   3078 |    206 |    359 |   2276 |   4 |  821.0 |
               +--------+--------+--------+--------+--------+-----+--------+

Top non-repeatable levels by time:
     D:2: 1103 daAuts
     D:3: 1019 daAuts
     D:1: 964 daAuts
     D:4: 196 daAuts
